 Dungeon Crawl Stone Soup version 0.30-a0-1160-g6e42c06551 (webtiles) character file.

Game seed: 8336728804014756050

39072 cojito the Protected (level 13, -6/184 HPs)
             Began as an Armataur Berserker on Apr 27, 2023.
             Was a High Priest of Trog.
             Mangled by Rupert
             ... wielding a +5 great mace of protection
              (13 damage)
             ... on level 4 of the Lair of Beasts.
             The game lasted 00:32:19 (12666 turns).

cojito the Protected (Armataur Berserker)          Turns: 12666, Time: 00:32:20

Health: -6/184     AC: 27    Str: 26    XL:     13   Next: 67%
Magic:  13/13      EV:  9    Int: 11    God:    Trog [*****.]
Gold:   572        SH:  0    Dex: 10    Spells: 12/12 levels left

rFire   + . .        a - +0 battleaxe
rCold   . . .        (shield currently unavailable)
rNeg    + . .        C - +0 plate armour "Tuuclal" {Fly rN+ Int+2 SInv}
rPois   .            J - +2 hat
rElec   .            j - +0 cloak
rCorr   .            h - +0 pair of gloves
SInv    +            w - +2 barding
Will    ++...        E - amulet of regeneration Stlth
                     k - +5 ring of evasion
HPRegen 2.30/turn    m - ring of protection from fire
MPRegen 0.13/turn

%: roll
@: berserking, strong-willed, flying, regenerating, very quick
A: large, rugged brown scales 3, deformed body, armoured tail, roll, long
tongue, awkward tongue
a: Renounce Religion, Berserk, Trog's Hand, Brothers in Arms


You were on level 4 of the Lair of Beasts.
You worshipped Trog.
Trog was extremely pleased with you.
You visited 2 branches of the dungeon, and saw 15 of its levels.
You also visited: Ossuary.

You collected 796 gold pieces.
You spent 224 gold pieces at shops.

Inventory:

Hand Weapons
 a - a +0 battleaxe (weapon)
 b - a +2 whip of electrocution
 s - a +3 longbow of flaming
 L - a +0 broad axe
Missiles
 H - a throwing net
Armour
 h - a +0 pair of gloves (worn)
 j - a +0 cloak (worn)
 w - a +2 barding (worn)
 C - the +0 plate armour "Tuuclal" (worn) {Fly rN+ Int+2 SInv}
   (You found it on level 1 of the Lair of Beasts)

   Int:       It affects your intelligence (+2).
   rN:        It protects you from negative energy.
   SInv:      It lets you see invisible.
   Fly:       It grants you flight.
 J - a +2 hat (worn)
Jewellery
 k - a +5 ring of evasion (left hand)
 m - a ring of protection from fire (right hand)
 A - a ring of positive energy
 E - an amulet of regeneration (around neck)
Wands
 q - a wand of mindburst (14)
 y - a wand of iceblast (17)
 z - a wand of flame (87)
Scrolls
 e - 5 scrolls of fog
 i - a scroll of poison {unknown}
 n - 2 scrolls of blinking {unknown}
 t - a scroll of enchant armour {unknown}
 v - 2 scrolls of magic mapping {unknown}
 B - 2 scrolls of brand weapon {unknown}
 D - 7 scrolls of teleportation
 F - a scroll of butterflies
 G - a scroll of fear
 I - 2 scrolls of immolation
Potions
 c - 2 potions of attraction
 d - 6 potions of magic
 f - 3 potions of flight
 g - 4 potions of heal wounds
 l - 7 potions of mutation
 o - 2 potions of ambrosia
 p - 5 potions of berserk rage
 r - 3 potions of curing
 u - 2 potions of lignification
 x - 4 potions of haste
Miscellaneous
 K - a lightning rod (4/4)
 M - a phial of floods


   Skills:
 + Level 10.8 Fighting
 * Level 13.3 Axes
 + Level 13.6 Armour
 - Level 1.3 Dodging
 + Level 9.4 Evocations


You had 12 spell levels left.
You didn't know any spells.
Your spell library was empty.

Dungeon Overview and Level Annotations

Branches:
Dungeon (10/15)            Temple (0/1) D:6            Lair (5/5) D:9
 Spider (0/4) Lair:3      Ossuary (visited)
  Swamp: Lair:2-3    Shoals: Lair:2-3     Slime: Lair:4-5       Orc: D:9-12

Altars:
Elyvilon
Fedhas
Hepliaklqana
Nemelex Xobeh
Okawaru
Qazlal
Ru
Sif Muna
Uskayaw
Vehumet
Wu Jian
Yredelemnul
Lugonu

Shops:
D:4 [   D:5 (   D:6 *   D:10 [

Annotations:
D:7 1 transporter
D:8 4 transporters, 1 runed translucent door, Sleet's ghost, novice MiFi
Lair:2 exclusion: oklob plant
Lair:4 Rupert


Innate Abilities, Weirdness & Mutations

You are completely covered in rugged brown scales. (AC +3, +7% HP)
Armour fits poorly on your strangely shaped body.
You have a long armoured tail.
You roll when moving toward enemies. (Rampage)
Your long tongue fully drains potion bottles. (2x potion effects)
Your tongue gives you trouble enunciating. (1.5x scroll delay)


Message History

Rupert hits you with a +5 great mace of protection!!
You slash Rupert! You tail-slap Rupert!
Rupert is lightly wounded.
Rupert completely misses you.
You slice Rupert!! You tail-slap Rupert!
Rupert is moderately wounded.
Rupert hits you but does no damage.
You slice Rupert!!
Rupert is moderately wounded.
Rupert hits you with a +5 great mace of protection!!!
You hit Rupert.
Rupert is heavily wounded.
You slice Rupert!!
Rupert is heavily wounded.
Rupert hits you but does no damage.
Rupert hits you with a +5 great mace of protection!
You slice Rupert!!
Rupert is severely wounded.
Rupert hits you with a +5 great mace of protection!!!
You are too injured to fight recklessly!
You are too injured to fight recklessly!
You slice Rupert!!
Rupert is almost dead.
Rupert barely misses you.
You barely miss Rupert.
Your tail-slap misses Rupert.
Rupert is almost dead.
Rupert hits you with a +5 great mace of protection!!
* * * LOW HITPOINT WARNING * * *
You barely miss Rupert.
Rupert is severely wounded.
Rupert hits you with a +5 great mace of protection!
* * * LOW HITPOINT WARNING * * *
You slash Rupert!
Rupert is almost dead.
Rupert hits you with a +5 great mace of protection!!!
* * * LOW HITPOINT WARNING * * *
You slash Rupert!
Rupert is almost dead.
Rupert hits you with a +5 great mace of protection!
You die...

#...P#P.......P .....
#...PP.......# #..#.
#..P.......... #.....
##..#.........# ...P..
#...##......... # ....#
##...#........# ...#...
##...##........#
#.....@##.#..#..........
#......@.....#..........
#.......................
####.##.#.#.##PP...###..
# ############## ###


You could see Rupert (berserk).

Vanquished Creatures
  Nessos (Lair:4)
  Josephine (D:10)
  A hydra (Lair:2)
  A boulder beetle (Lair:1)
  A two-headed ogre (D:9)
  2 death yaks (Lair:3)
  2 skysharks
  Amaemon (Lair:2)
  Pikel (D:6)
  12 elephants
  A manticore (D:9)
  7 black mambas
  A torpor snail (Lair:3)
  An orange demon (Lair:2)
  8 cane toads
  A kobold demonologist (D:9)
  9 komodo dragons
  Maggie (D:6)
  2 rime drakes
  A troll (D:10)
  22 blink frogs
  Grinder (D:3)
  11 dream sheep
  2 wyverns
  15 yaks
  2 vampires
  7 wraiths
  6 basilisks
  3 shadows
  4 vampire mosquitoes (D:7)
  4 steam dragons
  Menkaure (D:7)
  13 water moccasins
  5 orc warriors
  An ice beast (D:6)
  2 ogres (D:5)
  2 black bears (D:5)
  14 wolves
  7 centaurs
  A lemure (D:6)
  13 bullfrogs
  2 elf zombies (Ossuary)
  2 kobold brigands
  A gnoll sergeant (D:9)
  2 scorpions (D:6)
  A wight (D:9)
  22 killer bees
  A howler monkey (D:8)
  A crimson imp (D:10)
  6 centaur zombies (Ossuary)
  4 human zombies (Ossuary)
  2 jellies
  2 hounds (D:5)
  2 orc priests
  Ijyb (D:3)
  5 hell rats (Lair:4)
  9 orc wizards
  3 mummies (Ossuary)
  7 gnolls
  5 adders
  5 white imps
  3 ufetubi
  2 worms
  2 dart slugs
  21 orcs
  7 ball pythons
  8 bats
  3 endoplasms
  4 giant cockroaches
  5 goblins
  6 hobgoblins
  2 quokkas (D:2)
  2 frilled lizards
  7 kobolds
  4 rats
350 creatures vanquished.

Vanquished Creatures (others)
  8 fungi
  27 plants
35 creatures vanquished.

Grand Total: 385 creatures vanquished

Notes
Turn   | Place    | Note
-------+----------+-------------------------------------------
     0 | D:1      | cojito the Armataur Berserker began the quest for the Orb.
     0 | D:1      | Reached XP level 1. HP: 19/19 MP: 1/1
   100 | D:1      | Found a faded altar of an unknown god.
   266 | D:1      | Reached XP level 2. HP: 26/26 MP: 2/2
  1079 | D:1      | Reached XP level 3. HP: 33/33 MP: 3/3
  1117 | D:2      | Found an iron altar of Okawaru.
  1270 | D:2      | Reached XP level 4. HP: 40/40 MP: 4/4
  1946 | D:3      | Reached ** piety under Trog
  2057 | D:3      | Reached XP level 5. HP: 49/49 MP: 5/5
  2133 | D:3      | Noticed Grinder
  2149 | D:3      | Killed Grinder
  2150 | D:3      | Reached XP level 6. HP: 55/55 MP: 6/6
  2360 | D:3      | Reached skill level 5 in Armour
  2364 | D:3      | Noticed Ijyb
  2379 | D:3      | Killed Ijyb
  2956 | D:4      | Found a sand-covered staircase.
  2962 | Ossuary  | Entered an ossuary
  2977 | Ossuary  | Reached XP level 7. HP: 64/64 MP: 7/7
  3033 | Ossuary  | Reached skill level 5 in Axes
  3135 | Ossuary  | Reached skill level 5 in Fighting
  3733 | D:4      | Found Waig's Antique Armour Emporium.
  3796 | D:5      | Entered Level 5 of the Dungeon
  3828 | D:5      | Found a sacrificial altar of Ru.
  3872 | D:5      | Reached XP level 8. HP: 59/72 MP: 8/8
  4049 | D:5      | Found a hazy altar of Hepliaklqana.
  4266 | D:5      | You fall into a shaft and drop 3 floors!
  4266 | D:8      | Found a transporter.
  4289 | D:8      | Found a transporter.
  4307 | D:9      | Noticed a two-headed ogre
  4428 | D:7      | Found a shimmering blue altar of Sif Muna.
  4526 | D:6      | Found an ornate altar of the Wu Jian Council.
  4706 | D:6      | Noticed Maggie
  4720 | D:6      | Killed Maggie
  4721 | D:6      | Reached XP level 9. HP: 48/80 MP: 9/9
  5039 | D:6      | Found a radiant altar of Vehumet.
  5058 | D:5      | Reached *** piety under Trog
  5165 | D:5      | Found an iron altar of Okawaru.
  5343 | D:5      | Found Athusane's Weapon Emporium.
  5385 | D:6      | Found Toadoij's Mayhem Merchandise.
  5389 | D:6      | Bought a wand of iceblast (5) for 168 gold pieces
  5452 | D:6      | Noticed Pikel
  5461 | D:6      | Killed Pikel
  5462 | D:6      | Reached skill level 1 in Evocations
  5534 | D:6      | Found a basalt altar of Yredelemnul.
  5607 | D:6      | Found a staircase to the Ecumenical Temple.
  5847 | D:6      | Found a sparkling altar of Nemelex Xobeh.
  6072 | D:7      | Found a transporter.
  6074 | D:7      | Found a corrupted altar of Lugonu.
  6075 | D:7      | Noticed a white ugly thing
  6200 | D:7      | Reached XP level 10. HP: 92/92 MP: 10/10
  6241 | D:7      | Noticed Menkaure
  6248 | D:7      | Killed Menkaure
  6393 | D:7      | Noticed a brown ugly thing
  6690 | D:8      | Noticed Sleet's ghost (novice MiFi)
  6691 | D:8      | Found a runed translucent door.
  6752 | D:8      | Found a stormy altar of Qazlal.
  6833 | D:8      | Found a transporter.
  7073 | D:8      | Found a transporter.
  7243 | D:6      | Bought a +0 broad axe for 56 gold pieces
  7416 | D:9      | Killed a two-headed ogre
  7500 | D:9      | Reached skill level 10 in Armour
  7589 | D:9      | Noticed a sixfirhy
  7594 | D:9      | Reached skill level 5 in Evocations
  7638 | D:9      | Found a white marble altar of Elyvilon.
  7830 | D:9      | Found a staircase to the Lair.
  7903 | D:9      | Reached XP level 11. HP: 100/100 MP: 11/11
  8164 | D:9      | Reached **** piety under Trog
  8381 | D:9      | Reached skill level 10 in Axes
  8474 | D:10     | Entered Level 10 of the Dungeon
  8547 | D:10     | Found Cuacweus's Antique Armour Shop.
  8600 | D:10     | Noticed Josephine
  8631 | D:10     | Killed Josephine
  8902 | D:10     | Found a blossoming altar of Fedhas.
  9394 | Lair:1   | Entered Level 1 of the Lair of Beasts
  9452 | Lair:1   | Found a hide-covered altar of Uskayaw.
  9452 | Lair:1   | Noticed a boulder beetle
  9453 | Lair:1   | Found an ornate altar of the Wu Jian Council.
  9471 | Lair:1   | Killed a boulder beetle
  9557 | Lair:1   | Identified the +0 plate armour "Tuuclal" {Fly rN+ Int+2
                  | SInv}
 10087 | Lair:1   | Reached XP level 12. HP: 80/111 MP: 12/12
 10299 | Lair:2   | Noticed a seven-headed hydra
 10313 | Lair:2   | Killed a seven-headed hydra
 10432 | Lair:3   | Found a hole to the Spider Nest.
 10945 | Lair:2   | Noticed Amaemon
 10955 | Lair:2   | Killed Amaemon
 10959 | Lair:2   | Reached skill level 10 in Fighting
 11459 | Lair:3   | Reached XP level 13. HP: 103/120 MP: 13/13
 11707 | Lair:3   | Reached ***** piety under Trog
 11748 | Lair:3   | Identified the +1 quarterstaff "Wanue" {holy, rF+}
 11933 | Lair:3   | You are sucked into a shaft and drop 2 floors!
 11933 | Lair:5   | Entered Level 5 of the Lair of Beasts
 12013 | Lair:4   | Noticed Nessos
 12015 | Lair:4   | Killed Nessos
 12650 | Lair:4   | Noticed Rupert
 12665 | Lair:4   | HP: 5/184 [Rupert/+5 great mace of protection (38)]
 12666 | Lair:4   | Mangled by Rupert

Illustrated notes

Levels and vault maps discovered:
D:1:      lordsloth_arrival_two_stooges, layout_loops_corners,
          shapermc_ecumenical_altar_mp_urbaneastern
D:2:      layout_loops_ring, basic_altar, minmay_pentomino_o2
D:3:      layout_basic, dk_noncrumbling_3, uniq_grinder, uniq_ijyb
D:4:      layout_loops_ring, nicolae_ossuary_entry_plus, serial_shops,
          nicolae_shop_pleasant_corner_grove
D:5:      layout_basic, mainiacjoe_overflow_six_doors_small,
          nicolae_ru_great_annihilating_truth, lemuel_doored_altar,
          serial_shops, nicolae_lakefront_shop
D:6:      layout_loops_ring, mainiacjoe_overflow_surrounded_room,
          mainiacjoe_overflow_divided_tiny, nemelex_diamond_rough_becter,
          minmay_temple_entry_mist, minmay_shop_mayhem, uniq_maggie, uniq_pikel
D:7:      gammafunk_corrupted_shrine, layout_cave_pools, lemuel_crystal_altar,
          minmay_fountain_box, uniq_menkaure
D:8:      layout_basic, mainiacjoe_overflow_alcove_4, hellmonk_ghost_big_iron,
          nicolae_transporter_circle
D:9:      minmay_octagon_keep, layout_cave_pods, elyvilon_altar_5,
          lair_entry_dummy, minmay_misc_feat_five
D:10:     layout_cave_pods, amcnicky_altar_gilded, serial_shops, shop,
          minmay_fire_ice_demons, uniq_josephine
Lair:1:   layout_roguey, nzn_masters_of_martial_movement, lemuel_fruit_tree
Lair:2:   nzn_winding_woodlands_three_and_one
          [nzn_winding_woodlands_5x15_pathside_ponds,
          nzn_winding_woodlands_5x15_lazy_stream,
          nzn_winding_woodlands_5x15_concentric,
          nzn_winding_woodlands_center_pierced_h], layout_hall_layers,
          uniq_amaemon
Lair:3:   layout_gridlike, skrybe_swamp_entry_bodies, dummy_spider_entry,
          serial_bayou_shore_b, grunt_megastairs_4
Lair:4:   layout_long_grid, uniq_nessos, uniq_rupert
Lair:5:   hangedman_lair_caniforms_friends, layout_misc_corridors,
          nicolae_slime_entry_slimehenge, nicolae_lair_yak_garden

Skill      XL: |  1  2  3  4  5  6  7  8  9 10 11 12 13 |
---------------+----------------------------------------+-----
Fighting       | 3 4 5 6 7 8 9 10 | 10.8
Armour         | 3 4 5 6 7 9 10 11 12 13 | 13.6
Axes           | 3 4 5 7 8 9 11 12 13 | 13.3
Evocations     | 3 5 6 8 9 |  9.4
Dodging        | |  1.3

Action                     |  1- 3 |  4- 6 |  7- 9 | 10-12 | 13-15 || total
---------------------------+-------+-------+-------+-------+-------++-------
  Melee: Hand axe          |    77 |    83 |    97 |       |       ||   257
         Tailslap          |    14 |    16 |    27 |    68 |    32 ||   157
         Punch             |     1 |     1 |       |     1 |       ||     3
         War axe           |       |       |   183 |    68 |       ||   251
         Broad axe         |       |       |       |    72 |       ||    72
         Battleaxe         |       |       |       |   376 |   205 ||   581
         Whip              |       |       |       |     5 |       ||     5
   Fire: Sling             |     3 |       |       |       |       ||     3
 Invoke: Berserk           |     2 |     4 |    13 |    19 |     6 ||    44
         Trog's Hand       |       |     1 |       |     3 |     2 ||     6
  Evoke: Wand              |       |       |     2 |     8 |     2 ||    12
    Use: Scroll            |       |    12 |     3 |     8 |     1 ||    24
         Potion            |       |       |     1 |     1 |       ||     2
   Stab: Sleeping          |       |     2 |       |       |       ||     2
         Paralysed         |       |       |     1 |       |       ||     1
 Armour: Animal skin       |    14 |    14 |       |       |       ||    28
         Ring mail         |       |    22 |    53 |       |       ||    75
         Plate armour      |       |       |   123 |   401 |   151 ||   675
  Dodge: Dodged            |    43 |    73 |   186 |   411 |   114 ||   827

Table legend: (Time is in decaauts)
 A = Elapsed time spent in this place.
 B = Non-inter-level travel time spent in this place.
 C = Inter-level travel time spent in this place.
 D = Time resting spent in this place.
 E = Time spent auto-exploring this place.
 F = Levels seen in this place.
 G = Mean time per level.
                   A        B        C        D        E       F      G
               +--------+--------+--------+--------+--------+-----+--------+
         Total |  13118 |  12574 |    544 |   1410 |   7493 |  16 |  819.9 |
       Dungeon |   9430 |   8907 |    523 |    806 |   5554 |  10 |  943.0 |
          Lair |   3409 |   3389 |     20 |    446 |   1939 |   5 |  681.8 |
       Ossuary |    277 |    277 |      0 |    157 |      0 |   1 |  277.0 |
               +--------+--------+--------+--------+--------+-----+--------+

Top non-repeatable levels by time:
     D:6: 1291 daAuts
     D:3: 1252 daAuts
  Lair:2: 1247 daAuts
     D:9: 1237 daAuts
    D:10: 944 daAuts
     D:8: 866 daAuts
     D:1: 858 daAuts
     D:2: 830 daAuts
     D:5: 830 daAuts
  Lair:1: 782 daAuts
     D:7: 662 daAuts
  Lair:4: 661 daAuts
     D:4: 656 daAuts
  Lair:3: 633 daAuts
 Ossuary: 277 daAuts
